 Dungeon Crawl Stone Soup version 0.32-a0-981-g384da2ce10 (webtiles) character file.

Game seed: 16985499328346154318

3824 runemasterragnar the Skirmisher (level 10, -2/76 HPs)
             Began as a Coglin Hunter on Apr 20, 2024.
             Was a Priest of Okawaru.
             Slain by an orc warlord
             ... wielding a +3 battleaxe
              (18 damage)
             ... in a bailey.
             The game lasted 00:10:57 (7451 turns).

runemasterragnar the Skirmisher (Coglin Hunter)     Turns: 7451, Time: 00:10:57

Health: -2/76      AC:  7    Str: 11    XL:     10   Next: 17%
Magic:  12/12      EV: 14    Int:  9    God:    Okawaru [***...]
Gold:   793        SH:  0    Dex: 22    Spells: 9/9 levels left

rFire   + . .        a - +2 sling {Dalbir}
rCold   . . .        d - +0 sling {Helmut}
rNeg    . . .        A - +0 leather armour {rF+}
rPois   .            E - +0 helmet
rElec   .            G - scarf {+Inv}
rCorr   .            H - +1 pair of gloves
SInv    .            F - +0 pair of boots
Will    .....        (amulet unavailable)
Stlth   +++          (ring unavailable)
HPRegen 0.32/turn    (ring unavailable)
MPRegen 0.13/turn    (no gizmo)

%: no passive effects
@: no status effects
A: off-hand wielding, slow wielding, warmup strikes, no jewellery
a: Invent Gizmo, Renounce Religion, Evoke Invisibility, Heroism


You were in a bailey.
You worshipped Okawaru.
Okawaru was most pleased with you.
You visited 2 branches of the dungeon, and saw 10 of its levels.
You also visited: Bailey.

You collected 884 gold pieces.
You spent 91 gold pieces at shops.

Inventory:

Hand Weapons
 a - a +2 sling (weapon) {Dalbir}
 d - a +0 sling (offhand) {Helmut}
Armour
 A - a +0 leather armour of fire resistance (worn)
 E - a +0 helmet (worn)
 F - a +0 pair of boots (worn)
 G - a scarf of invisibility (worn)
 H - a +1 pair of gloves (worn)
Wands
 j - a wand of roots (7)
 z - a wand of mindburst (21)
 C - a wand of flame (15)
Scrolls
 b - a scroll of butterflies
 c - a scroll of summoning {unknown}
 e - a scroll of poison {unknown}
 f - 5 scrolls of enchant weapon
 i - 4 scrolls of revelation
 k - 5 scrolls of teleportation
 m - a scroll of silence
 o - a scroll of immolation {unknown}
 u - a scroll of brand weapon {unknown}
 x - 2 scrolls of noise
 y - 2 scrolls of fear {unknown}
 B - a scroll of vulnerability {unknown}
 J - a scroll of fog {unknown}
Potions
 g - 2 potions of cancellation {unknown}
 h - 5 potions of curing
 l - 2 potions of ambrosia
 n - a potion of resistance {unknown}
 p - 4 potions of lignification
 q - 6 potions of heal wounds
 r - a potion of berserk rage {unknown}
 s - a potion of brilliance {unknown}
 t - 2 potions of attraction
 w - a potion of enlightenment {unknown}
 D - 2 potions of invisibility {unknown}
 I - a potion of haste {unknown}


   Skills:
 + Level 6.0 Fighting
 * Level 8.2 Ranged Weapons
 + Level 5.5 Dodging
 + Level 5.0 Stealth
 + Level 3.2 Invocations
 + Level 6.6 Evocations


You had 9 spell levels left.
You didn't know any spells.
Your spell library contained the following spells:

 Spells                   Type           Power      Damage    Failure   Level
 Maxwell's Portable Pile  Tloc           0%         2d(5-13)  85%         3
 Alistair's Intoxication  Alch           0%         N/A       100%        5
 Borgnjor's Vile Clutch   Necr/Erth      0%         N/A       100%        5
 Eringya's Noxious Bog    Alch           0%         4d6       100%        6
 Magnavolt                Erth/Air       0%         3d9       100%        7
 Maxwell's Capacitive Co  Air            0%         ∞         100%        8


Dungeon Overview and Level Annotations

Branches:
Dungeon (9/15)             Temple (1/1) D:6            Lair (0/5) D:9
    Orc (0/2) D:9          Bailey (1/1)

Altars:
Ashenzari
Cheibriados
Dithmenos
Elyvilon
Gozag
Makhleb
Nemelex Xobeh
Okawaru
Qazlal
Ru
Sif Muna
Trog
Uskayaw
Vehumet
Wu Jian
Yredelemnul
Zin
The Shining One

Shops:
D:1 =   D:4 [   D:6 *   D:7 ?

Annotations:
Temple 2 transporters


Innate Abilities, Weirdness & Mutations

You can wield a second weapon in your off-hand.
It takes a long time for you to wield or remove held weapons.
Your first few attacks do less damage.
You cannot equip rings or amulets.


Message History

The orc warlord struggles to escape constriction.
The grasping roots constrict the orc warlord!
The orc warlord escapes!
Things that are here:
a boomerang; a kobold corpse
Aiming: Mindburst
Press: ? - help, Shift-Dir - straight line, f/p - orc warlord
Aim: an orc warlord, wielding a +3 battleaxe and wearing a +0 plate armour (severely wounded, chance to affect: 55%)
The orc warlord's mind is blasted!!
Unknown command.
Unknown command.
Aiming: Mindburst
Press: ? - help, Shift-Dir - straight line, f/p - orc warlord
Aim: an orc warlord, wielding a +3 battleaxe and wearing a +0 plate armour (almost dead, chance to affect: 55%)
The orc warlord resists with significant effort.
The orc warlord closely misses you.
Unknown command.
Unknown command.
Unknown command.
Aiming: Mindburst
Press: ? - help, Shift-Dir - straight line, f/p - orc warlord
Aim: an orc warlord, wielding a +3 battleaxe and wearing a +0 plate armour (almost dead, chance to affect: 55%)
The orc warlord resists with significant effort.
The orc warlord hits you with a +3 battleaxe!!
Unknown command.
Unknown command.
Aiming: Mindburst
Press: ? - help, Shift-Dir - straight line, f/p - orc warlord
Aim: an orc warlord, wielding a +3 battleaxe and wearing a +0 plate armour (almost dead, chance to affect: 55%)
The orc warlord resists with significant effort.
The orc warlord hits you with a +3 battleaxe!!
* * * LOW HITPOINT WARNING * * *
Unknown command.
Okay, then.
Aiming: Mindburst
Press: ? - help, Shift-Dir - straight line, f/p - orc warlord
Aim: an orc warlord, wielding a +3 battleaxe and wearing a +0 plate armour (almost dead, chance to affect: 55%)
The orc warlord resists with significant effort.
The orc warlord hits you with a +3 battleaxe!!
You die...

♣♣♣ ♣♣♣∩♣♣♣
#####♣♣♣.....♣♣♣#####
##...##.........##...##
#.....##....)..##.....##
...ß(..##~~~~~##.......##
........#~~~~~#...ß..ß..##
.......)#~~~~~#..........#
ß..ß....)....)'.@........#
.....)#########(.o(..ß...#
.....##~~~#~~~####......##
.....#~).....~#~~#.....##
#..(.#~!........~#....##
#(...##ß.ß...ß.ß~##...#
(.....#.........~~'...#
'.....#....∩....~~)...#
(.....#.........~~'...#


You could see an orc warlord.

Vanquished Creatures
  A troll (D:7)
  A hornet (D:9)
  A wyvern (D:7)
  A wraith (D:9)
  2 steam dragons
  A water moccasin (D:5)
  4 orc warriors
  A black bear (D:5)
  4 ogres
  An ice beast (D:5)
  2 centaurs (D:8)
  Blork the orc (D:5)
  3 bullfrogs
  A gnoll sergeant (D:8)
  2 scorpions (D:5)
  8 wights (D:8)
  3 howler monkeys (D:7)
  An orc priest (D:9)
  A gnoll bouda (D:7)
  2 hounds (D:7)
  3 iguanas
  Ijyb (D:5)
  4 orc wizards
  Robin (D:3)
  12 gnolls
  11 adders
  A shadow imp (D:7)
  A white imp (D:7)
  4 ribbon worms
  4 dart slugs
  16 orcs
  9 ball pythons
  15 endoplasms
  6 giant cockroaches
  19 goblins
  5 hobgoblins
  5 jackals
  19 kobolds
  5 quokkas
  6 bats
  3 frilled lizards
  4 rats
195 creatures vanquished.

Vanquished Creatures (others)
  An adder (D:5)
1 creature vanquished.

Grand Total: 196 creatures vanquished

Notes
Turn   | Place    | Note
-------+----------+-------------------------------------------
     0 | D:1      | runemasterragnar the Coglin Hunter began the quest for the
                  | Orb.
     0 | D:1      | Reached XP level 1. HP: 16/16 MP: 1/1
    25 | D:1      | Found a faded altar of an unknown god.
    33 | D:1      | Reached skill level 1 in Stealth
    41 | D:1      | Reached XP level 2. HP: 22/22 MP: 2/2
   276 | D:1      | Reached XP level 3. HP: 27/27 MP: 3/3
   289 | D:1      | Reached skill level 4 in Ranged Weapons
   328 | D:1      | Found Goymposm's Jewellery Emporium.
   812 | D:2      | Reached XP level 4. HP: 32/34 MP: 4/4
  1080 | D:2      | Identified the +1 robe of Lust {Int+2 Archmagi}
  1567 | D:3      | Reached skill level 1 in Evocations
  1567 | D:3      | Reached XP level 5. HP: 38/39 MP: 5/5
  1601 | D:3      | Noticed Robin
  1624 | D:3      | Killed Robin
  1932 | D:3      | Found an ornate altar of the Wu Jian Council.
  2208 | D:4      | Found Duanumyt's Antique Armour Emporium.
  2264 | D:4      | Reached XP level 6. HP: 43/47 MP: 6/6
  2773 | D:5      | Entered Level 5 of the Dungeon
  2781 | D:5      | Reached skill level 5 in Ranged Weapons
  2796 | D:5      | Found a shadowy altar of Dithmenos.
  3047 | D:5      | Noticed an ice beast
  3066 | D:5      | Killed an ice beast
  3067 | D:5      | Reached XP level 7. HP: 36/52 MP: 7/7
  3373 | D:5      | Noticed Ijyb
  3783 | D:6      | Found Quvvis's General Store.
  3910 | D:6      | Found a staircase to the Ecumenical Temple.
  3928 | D:6      | Reached skill level 6 in Ranged Weapons
  3928 | D:6      | Reached XP level 8. HP: 36/60 MP: 8/8
  3956 | Temple   | Found a transporter.
  3956 | Temple   | Found a transporter.
  3956 | Temple   | Found a transporter.
  3956 | Temple   | Found a transporter.
  3956 | Temple   | Entered the Ecumenical Temple
  3971 | Temple   | Became a worshipper of Warmaster Okawaru
  4266 | D:5      | Killed Ijyb
  4447 | D:5      | Noticed Blork the orc
  4454 | D:5      | Killed Blork the orc
  4516 | D:5      | You fall into a shaft and drop 2 floors!
  4927 | D:7      | Reached * piety under Okawaru
  4928 | D:7      | Reached skill level 1 in Invocations
  4997 | D:7      | Found a sparkling altar of Nemelex Xobeh.
  5417 | D:7      | Found Meowoeso's Magic Scroll Emporium.
  5425 | D:7      | Bought a scroll of identify for 26 gold pieces
  5425 | D:7      | Bought a scroll of teleportation for 39 gold pieces
  5425 | D:7      | Bought a scroll of identify for 26 gold pieces
  5479 | D:7      | Noticed a troll
  5479 | D:7      | Noticed a wyvern
  5484 | D:7      | Killed a troll
  5485 | D:7      | Reached skill level 5 in Evocations
  5485 | D:7      | Reached XP level 9. HP: 41/67 MP: 10/10
  5496 | D:7      | Reached skill level 5 in Fighting
  5496 | D:7      | Reached skill level 7 in Ranged Weapons
  5618 | D:5      | Reached ** piety under Okawaru
  6290 | D:8      | Found an opulent altar of Gozag.
  6354 | D:8      | Identified the +5 war axe of Fedhas's Regard {flame, rN++}
  6421 | D:8      | Reached skill level 5 in Dodging
  6819 | D:8      | Found a radiant altar of Vehumet.
  6971 | D:9      | Noticed a hornet
  6992 | D:9      | Reached *** piety under Okawaru
  7011 | D:9      | Killed a hornet
  7012 | D:9      | Reached skill level 8 in Ranged Weapons
  7012 | D:9      | Reached XP level 10. HP: 76/76 MP: 12/12
  7060 | D:9      | Found a flagged portal.
  7083 | Bailey   | Entered a bailey
  7108 | Bailey   | Noticed an orc warlord
  7108 | Bailey   | Found the amulet of the Air {Inacc Air Fly rElec RMsl}
  7259 | Bailey   | Found a runed translucent gate.
  7262 | Bailey   | Acquired 248 gold pieces
  7264 | Bailey   | Found a runed translucent gate.
  7266 | Bailey   | Found a runed translucent gate.
  7287 | Bailey   | Reached skill level 5 in Stealth
  7451 | Bailey   | Slain by an orc warlord

Illustrated notes

Levels and vault maps discovered:
D:1:      tarquinn_simple_flora_water_c, layout_basic, serial_shops,
          nicolae_shop_getting_attention, ebering_ecumenical_altar_sacrificial,
          chequers_serial_rivers_micro_b
D:2:      minmay_alternating_diamond, layout_basic, serial_park_tiny_pond
D:3:      layout_basic, nzn_wu_jian_council_hall, uniq_robin
D:4:      layout_basic, serial_shops, nicolae_shop_stone
D:5:      layout_basic, nicolae_overflow_crystal_walls, uniq_blork_the_orc,
          uniq_ijyb
D:6:      layout_gridville, minmay_temple_entry_trees, serial_shops, shop
D:7:      cheibrodos_barr_body, layout_basic, nemelex_dance_club_becter,
          serial_shops, shop, skrybe_limestone_x, minmay_hedge_maze,
          kennysheep_doodads
D:8:      layout_gridville, amcnicky_altar_gilded, kennysheep_mini_moat
D:9:      layout_rooms, xom_butterflies, erik_lair_orcish_takeover,
          enter_bailey_7, nicolae_barding_shop
Temple:   hellmonk_temple_divided_pantheon
Bailey:   bailey_axe_bossmonster_kennysheep, bailey

Skill      XL: |  1  2  3  4  5  6  7  8  9 10 |
---------------+-------------------------------+-----
Stealth        | 1 2 3 4 5 |  5.0
Dodging        | 2 3 4 5 |  5.5
Ranged Weapons | 4 5 6 8 |  8.2
Evocations     | 1 2 3 5 6 |  6.6
Fighting       | 3 4 5 6 |  6.0
Invocations    | 1 3 |  3.2

Action                     |  1- 3 |  4- 6 |  7- 9 | 10-12 || total
---------------------------+-------+-------+-------+-------++-------
   Fire: Sling             |   112 |   364 |   442 |   134 ||  1052
  Evoke: Wand              |       |     1 |    16 |    18 ||    35
    Use: Scroll            |       |       |    10 |     2 ||    12
 Armour: Leather armour    |     4 |    32 |    90 |    18 ||   144
  Dodge: Dodged            |     2 |    38 |    74 |    22 ||   136

Table legend: (Time is in decaauts)
 A = Elapsed time spent in this place.
 B = Non-inter-level travel time spent in this place.
 C = Inter-level travel time spent in this place.
 D = Time resting spent in this place.
 E = Time spent auto-exploring this place.
 F = Levels seen in this place.
 G = Mean time per level.
                   A        B        C        D        E       F      G
               +--------+--------+--------+--------+--------+-----+--------+
         Total |   7540 |   7227 |    313 |    262 |   5697 |  11 |  685.5 |
       Dungeon |   7131 |   6818 |    313 |    262 |   5436 |   9 |  792.3 |
        Temple |     31 |     31 |      0 |      0 |      0 |   1 |   31.0 |
        Bailey |    377 |    377 |      0 |      0 |    261 |   1 |  377.0 |
               +--------+--------+--------+--------+--------+-----+--------+

Top non-repeatable levels by time:
     D:7: 1366 daAuts
     D:5: 1029 daAuts
     D:6: 918 daAuts
     D:8: 848 daAuts
     D:1: 795 daAuts
     D:3: 788 daAuts
     D:4: 655 daAuts
     D:2: 580 daAuts
  Bailey: 377 daAuts
     D:9: 149 daAuts
  Temple: 31 daAuts
